 Dungeon Crawl Stone Soup version 0.30-a0-385-gfebfb9b408 (webtiles) character file.

Game seed: 15886116956894100018

74 Chaicat the Trooper (level 4, -2/41 HPs)
             Began as a Minotaur Fighter on Dec 2, 2022.
             Killed by divine providence
             ... invoked by an orc priest
              (9 damage)
             ... on level 4 of the Dungeon.
             The game lasted 00:05:32 (2242 turns).

Chaicat the Trooper (Minotaur Fighter)              Turns: 2242, Time: 00:05:32

Health: -2/41      AC: 11    Str: 21    XL:     4   Next: 10%
Magic:  3/3        EV:  5    Int:  5    God:
Gold:   173        SH:  4    Dex: 11    Spells: 3/3 levels left

rFire   . . .      SeeInvis .    a - +1 war axe (vamp)
rCold   . . .      Faith    .    c - +0 buckler
rNeg    . . .      Spirit   .    f - +0 plate armour
rPois   .          Reflect  .    (helmet restricted)
rElec   .          Harm     .    (no cloak)
rCorr   .          Rampage  .    (no gloves)
Will    .....                    (no boots)
Stlth   ..........               (no amulet)
HPRegen 0.26/turn                p - ring of flight
MPRegen 0.08/turn                (no ring)

@: flying
A: horns 2, retaliatory headbutt
a: no special abilities


You were on level 4 of the Dungeon.
You visited 1 branch of the dungeon, and saw 4 of its levels.

You collected 173 gold pieces.

Inventory:

Hand Weapons
 a - a +1 vampiric war axe (weapon)
Armour
 c - a +0 buckler (worn)
 f - a +0 plate armour (worn)
Jewellery
 j - an amulet of faith
 p - a ring of flight (left hand)
Wands
 q - a wand of flame (11)
Scrolls
 k - a scroll of identify
 n - 2 scrolls of teleportation
Potions
 b - a potion of resistance
 d - a potion of might
 e - a potion of mutation
 g - 3 potions of curing
 h - a potion of flight
 i - a potion of brilliance {unknown}
 l - a potion of attraction {unknown}
 m - a potion of heal wounds {unknown}
 o - 2 potions of lignification {unknown}


   Skills:
 + Level 4.4 Fighting
 + Level 3.3 Axes
 + Level 4.3 Armour
 + Level 4.3 Shields


You had 3 spell levels left.
You didn't know any spells.
Your spell library contained the following spells:

 Spells                   Type           Power      Damage    Failure   Level
 Inner Flame              Hex/Fire       0%         N/A       100%        3
 Summon Guardian Golem    Hex/Summ       0%         N/A       100%        3
 Cause Fear               Hex            0%         N/A       100%        4
 Iskenderun's Battlesphe  Conj           0%         2d6       100%        5
 Iron Shot                Conj/Erth      0%         9d1       100%        6
 Orb of Destruction       Conj           0%         9d5       100%        7
 Spellforged Servitor     Conj/Summ      0%         N/A       100%        7
 Discord                  Hex            0%         N/A       100%        8


Dungeon Overview and Level Annotations

Branches:
Dungeon (4/15)
 Temple: D:4-7

Altars:
Hepliaklqana
Ru


Innate Abilities, Weirdness & Mutations

You have a pair of horns on your head.
You reflexively headbutt those who attack you in melee.


Message History

The hobgoblin shouts!
The hobgoblin hits you.
You barely miss the hobgoblin.
The hobgoblin hits you but does no damage.
You block the hobgoblin's attack.
You barely miss the hobgoblin. The hobgoblin hits you.
You barely miss the hobgoblin.
The hobgoblin hits you but does no damage.
You slash the hobgoblin!
You feel better.
You kill the hobgoblin!
No target in view!
No target in view!
No target in view!
An orc wizard and an orc priest come into view.
Found a hazy altar of Hepliaklqana.
The orc wizard shouts!
The orc priest shouts!
An orc priest comes into view. It is wielding a +0 flail.
The orc wizard moves out of view.
An orc priest comes into view. It is wielding a +0 short sword.
The orc priest shouts!
You block the orc priest's attack.
You hit the orc priest.
The orc priest is moderately wounded.
The orc wizard mumbles some strange words.
The orc wizard flickers and vanishes!
Deactivating autopickup; reactivate with Ctrl-A.
The orc priest mumbles some strange prayers to Beogh against you.
Beogh smites you!
The orc priest calls down the wrath of Beogh upon you.
Pain shoots through your body!
You slash the orc priest!
You feel better.
You kill the orc priest!
The orc priest mumbles some strange prayers to Beogh against you.
Beogh smites you!
The orc priest invokes the aid of Beogh against you.
Beogh smites you!
* * * LOW HITPOINT WARNING * * *
The orc priest invokes the aid of Beogh against you.
Beogh smites you!
You die...

♣.≈....§≈ ♣.§.≈≈≈.§
♣.≈≈...≈≈ ♣.§≈o_§§≈
############# ♣.§≈{§.≈≈
............# ♣.§o≈≈§§≈
###########.###♣.§.....≈
#....♣@)§≈≈≈≈.
#.##..♣♣♣♣♣♣♣♣ #.#####
#.# ..# ###


You could see 2 orc priests.

Vanquished Creatures
  An orc priest (D:4)
  2 adders (D:3)
  A worm (D:2)
  2 orcs
  5 endoplasms
  A giant cockroach (D:1)
  8 goblins
  3 hobgoblins
  4 quokkas
  4 ball pythons
  2 bats (D:2)
  3 frilled lizards
  13 kobolds
  3 rats
52 creatures vanquished.

Notes
Turn   | Place    | Note
-------+----------+-------------------------------------------
     0 | D:1      | Chaicat the Minotaur Fighter began the quest for the Orb.
     0 | D:1      | Reached XP level 1. HP: 19/19 MP: 0/0
   138 | D:1      | Reached XP level 2. HP: 22/27 MP: 1/1
   716 | D:2      | Reached XP level 3. HP: 33/33 MP: 2/2
  1977 | D:4      | Reached XP level 4. HP: 41/41 MP: 3/3
  2044 | D:4      | Found a sacrificial altar of Ru.
  2238 | D:4      | Found a hazy altar of Hepliaklqana.
  2242 | D:4      | Killed from afar by an orc priest

Illustrated notes

Levels and vault maps discovered:
D:1:      lemuel_arrival_hallway, layout_rooms
D:2:      layout_basic
D:3:      layout_basic, hangedman_abyss_or_decor_lesser_grid, dk_noncrumbling_2
D:4:      layout_basic, mainiacjoe_overflow_paths, hangedman_ru_absence

Skill      XL: |  1  2  3 |
---------------+----------+-----
Shields        | 4 |  4.3
Fighting       | 4 |  4.4
Armour         | 4 |  4.3
Axes           | 3 |  3.3

Action                   |  1- 3 |  4- 6 || total
-------------------------+-------+-------++-------
Melee: War axe           |   111 |    10 ||   121
       Headbutt          |    16 |     2 ||    18
  Use: Scroll            |    10 |     2 ||    12
Armor: Scale mail        |    11 |       ||    11
       Plate armour      |    65 |     5 ||    70
Dodge: Dodged            |    23 |     2 ||    25
Block: Buckler           |    23 |     2 ||    25

Table legend: (Time is in decaauts)
 A = Elapsed time spent in this place.
 B = Non-inter-level travel time spent in this place.
 C = Inter-level travel time spent in this place.
 D = Time resting spent in this place.
 E = Time spent auto-exploring this place.
 F = Levels seen in this place.
 G = Mean time per level.
                   A        B        C        D        E       F      G
               +--------+--------+--------+--------+--------+-----+--------+
         Total |   2287 |   2235 |     52 |     27 |   1780 |   4 |  571.8 |
       Dungeon |   2287 |   2235 |     52 |     27 |   1780 |   4 |  571.8 |
               +--------+--------+--------+--------+--------+-----+--------+

Top non-repeatable levels by time:
     D:3: 809 daAuts
     D:2: 631 daAuts
     D:1: 485 daAuts
     D:4: 361 daAuts
